 Dungeon Crawl Stone Soup version 0.28-a0-1233-g92def6ad0a (webtiles) character file.

Game seed: 16363982070282136888

33 ChaosChampion the Skirmisher (level 3, 0/58 HPs)
             Began as an Ogre Warper on Dec 23, 2021.
             Succumbed to an adder's poison
             ... on level 2 of the Dungeon.
             The game lasted 00:01:06 (1027 turns).

ChaosChampion the Skirmisher (Ogre Warper)          Turns: 1027, Time: 00:01:07

Health: 0/58       AC: 21    Str: 17    XL:     3   Next: 29%
Magic:  6/6        EV:  1    Int: 14    God:
Gold:   18         SH:  0    Dex:  8    Spells: 6/6 levels left

rFire   . . .      SeeInvis .   a - +0 mace
rCold   . . .      Faith    .   (no shield)
rNeg    . . .      Spirit   .   (armour currently unavailable)
rPois   +          Reflect  .   (helmet currently unavailable)
rElec   .          Harm     .   (cloak currently unavailable)
rCorr   .          Rampage  .   (gloves unavailable)
Will    .....      NoTele   +   (boots unavailable)
Stlth   +.........              (no amulet)
HPRegen 0.19/turn               (no ring)
MPRegen 0.10/turn               (no ring)

@: lethally poisoned (0 -> -3), tree-form, attractive
A: stationary, stasis, torment immunity, boosted hp, large, unfitting armour,
(tough skin 1)
a: no special abilities


You were on level 2 of the Dungeon.
You were a tree.
You visited 1 branch of the dungeon, and saw 2 of its levels.

You collected 42 gold pieces.
You spent 24 gold pieces at shops.

Inventory:

Hand Weapons
 a - a +0 mace (weapon)
Missiles
 d - 4 boomerangs of dispersal (quivered)
Armour
 b - a +0 robe (melded)
Scrolls
 c - a scroll of blinking
 e - a scroll of fog {unknown}
 g - 3 scrolls of identify {unknown}
 i - a scroll of immolation {unknown}
 k - a scroll of magic mapping {unknown}
Potions
 f - a potion of lignification
 h - a potion of cancellation {unknown}
 j - a potion of attraction


   Skills:
 * Level 4.2 Fighting
 + Level 2.3 Maces & Flails
 - Level 1.0 Throwing
 - Level 2.1 Dodging
 - Level 2.4 Spellcasting
 - Level 2.6 Translocations


You had 6 spell levels left.
You didn't know any spells.
Your spell library contained the following spells:

 Spells                   Type           Power      Damage    Failure   Level
 Apportation              Tloc           18%        N/A       8%          1
 Blink                    Tloc           18%        N/A       12%         2
 Summon Small Mammal      Summ           4%         N/A       22%         1
 Gell's Gravitas          Tloc           9%         N/A       22%         3
 Lesser Beckoning         Tloc           9%         N/A       22%         3
 Teleport Other           Tloc           9%         N/A       22%         3
 Manifold Assault         Tloc           9%         N/A       91%         5
 Summon Lightning Spire   Summ/Air       1%         N/A       92%         4
 Dragon's Call            Summ           0%         N/A       100%        9


Dungeon Overview and Level Annotations

Branches:
Dungeon (2/15)

Altars:

Shops:
D:2 *


Innate Abilities, Weirdness & Mutations

You are a tree.
Your roots penetrate the ground, keeping you stationary.
You cannot be teleported.
You are immune to unholy pain and torment.
Your maximum health is greatly increased.
Your equipment is partially melded.
You are too large for most types of armour.
((You have tough skin. (AC +1)))


Message History

Increase (S)trength, (I)ntelligence, or (D)exterity?
You feel stronger. x3
You feel very sick. The bat hits you but does no damage.
You sock the bat!
You kill the bat!
You feel very sick. The adder bites you.
You are lethally poisoned!
The adder poisons you!
You miss the adder.
* * * LOW HITPOINT WARNING * * *
You feel very sick. The adder closely misses you. The adder bites you.
* * * LOW HITPOINT WARNING * * *
You hit the adder.
The adder is heavily wounded.
* * * LOW HITPOINT WARNING * * *
You feel very sick. The adder bites you but does no damage.
It was a potion of lignification.
You turn into a tree.
Your +0 robe melds into your body.
Your roots penetrate the ground.
* * * LOW HITPOINT WARNING * * *
You feel sick.
The adder bites you but does no damage. x2
It was a potion of attraction.
You feel attractive to monsters.
* * * LOW HITPOINT WARNING * * *
You feel sick. The adder completely misses you.
You barely miss the adder.
The adder is heavily wounded.
* * * LOW HITPOINT WARNING * * *
You feel sick.
The adder bites you but does no damage. x2
You closely miss the adder.
The adder is heavily wounded.
* * * LOW HITPOINT WARNING * * *
You feel sick. The adder bites you.
* * * LOW HITPOINT WARNING * * *
You miss the adder.
The adder is heavily wounded.
You die...

####### #######
....... ######.....##
.......
##...#.......#
.......##..#.....#..
.......#♣##.###)#.##
......gS##.⌠.###.⌠.#
.......####.#.###.##
.......#.#.#.#.#.###.
......# ⌠.###.⌠.###.⌠
...... #.#.#.###.#
...... ##.#.#.#.##
..... ..
#.8.###.8.##. .....
#.##.#.#.#.##.#


You could see an adder and a hobgoblin.

Vanquished Creatures
  An adder (D:2)
  A dart slug (D:2)
  A ball python (D:2)
  2 endoplasms
  3 goblins (D:2)
  4 hobgoblins
  2 kobolds (D:1)
  4 bats
  A rat (D:1)
19 creatures vanquished.

Notes
Turn   | Place    | Note
-------+----------+-------------------------------------------
     0 | D:1      | ChaosChampion the Ogre Warper began the quest for the Orb.
     0 | D:1      | Reached XP level 1. HP: 22/22 MP: 3/3
   151 | D:1      | Reached skill level 3 in Fighting
   332 | D:1      | Reached XP level 2. HP: 31/31 MP: 5/5
   371 | D:1      | Got the Tome of the Compass and the Entourage
   975 | D:2      | Found Loonoido's Assorted Antiques.
   984 | D:2      | Bought a scroll labelled KUETOSCHUWK for 24 gold pieces
  1006 | D:2      | Reached skill level 4 in Fighting
  1019 | D:2      | Reached XP level 3. HP: 22/39 MP: 6/6
  1026 | D:2      | HP: 2/58 [adder (1)]
  1027 | D:2      | Succumbed to an adder's poison

Illustrated notes

Levels and vault maps discovered:
D:1:      amcnicky_arrival_single_pillar, layout_basic
D:2:      layout_basic, shapermc_ecumenical_altar_flowoftime, serial_shops,
          shop, grunt_decor_junction, grunt_decor_mini_mirrors

Skill      XL: |  1  2 |
---------------+-------+-----
Fighting       | 3 4 |  4.2
Maces & Flails | 2 |  2.3
Throwing       | |  1.0
Dodging        | |  2.1
Spellcasting   | |  2.4
Translocations | |  2.6

Action                   || total
-------------------------++-------
Melee: Mace              ||    55
Throw: Boomerang         ||     1
  Use: Potion            ||     2
Armor: Robe              ||    22
       Skin              ||     4
Dodge: Dodged            ||    26

Table legend: (Time is in decaauts)
 A = Elapsed time spent in this place.
 B = Non-inter-level travel time spent in this place.
 C = Inter-level travel time spent in this place.
 D = Time resting spent in this place.
 E = Time spent auto-exploring this place.
 F = Levels seen in this place.
 G = Mean time per level.
                   A        B        C        D        E       F      G
               +--------+--------+--------+--------+--------+-----+--------+
         Total |   1043 |   1030 |     13 |      0 |    878 |   2 |  521.5 |
       Dungeon |   1043 |   1030 |     13 |      0 |    878 |   2 |  521.5 |
               +--------+--------+--------+--------+--------+-----+--------+

Top non-repeatable levels by time:
     D:1: 654 daAuts
     D:2: 388 daAuts
